 Dungeon Crawl Stone Soup version 0.27.0-1-g7a089689b8 (webtiles) character file.

Game seed: 6959136619761940623

249 Spectrina the Magician (level 6, -2/60 HPs)
             Began as a Djinni Necromancer on Aug 17, 2021.
             Was a Follower of Makhleb.
             Killed from afar by an orc wizard (7 damage)
             ... with a magic dart
             ... on level 5 of the Dungeon.
             The game lasted 00:16:15 (1319 turns).

Spectrina the Magician (Djinni Necromancer)         Turns: 1319, Time: 00:16:16

Health: -2/60      AC:  2    Str:  7    XL:     6   Next: 35%
Gold:   31         EV: 12    Int: 19    God:    Makhleb [*.....] SH:  0 Dex: 13

rFire    + + +     SeeInvis .   a - +2 dagger (drain)
rCold    x . .     Faith    .   (no shield)
rNeg     . . .     Spirit   .   e - +0 robe
rPois    ∞         Reflect  .   (no helmet)
rElec    .         Harm     .   (no cloak)
rCorr    .         Rampage  .   (no gloves)
Will     .....                  (boots unavailable)
Stlth    ..........             d - amulet of regeneration
HPRegen  1.20/turn              n - ring of protection from fire
MPRegen  0.00/turn              (no ring)

@: mighty, berserking, marked, flying, very quick
A: sickness immunity, fire resistance 2, cold vulnerability 1, float, innate
caster, hp casting, extra vitality 1
a: Renounce Religion


You were on level 5 of the Dungeon.
You worshipped Makhleb.
Makhleb was aware of your devotion.
You visited 1 branch of the dungeon, and saw 5 of its levels.

You collected 89 gold pieces.
You spent 58 gold pieces at shops.

Inventory:

Hand Weapons
 a - a +2 dagger of draining (weapon)
 b - a +0 hunting sling
 g - a +0 short sword
Missiles
 c - 54 arrows
 f - 45 stones (quivered)
 j - 24 bolts
Armour
 e - a +0 robe (worn)
Jewellery
 d - an amulet of regeneration (around neck)
 n - a ring of protection from fire (left hand)
Scrolls
 h - a scroll of enchant weapon {unknown}
 k - 3 scrolls of identify {unknown}
 m - a scroll of noise {unknown}
 p - a scroll of magic mapping
 r - a scroll of holy word {unknown}
Potions
 i - a potion of degeneration {unknown}
 l - 2 potions of might
 o - a potion of curing


   Skills:
 - Level 2.1 Dodging
 - Level 1.5 Stealth
 * Level 5.3 Spellcasting
 + Level 2.1 Invocations


You couldn't memorise any spells.
You knew the following spells:

 Your Spells              Type           Power      Damage    Failure   Level
a - Sting                 Tmut/Pois      100%       1d8       1%          1
e - Agony                 Necr           25%        N/A       36%         5
f - Vampiric Draining     Necr           12%        2d7       4%          3
i - Animate Dead          Necr           12%        N/A       14%         4
n - Passwall              Tmut/Erth      20%        N/A       1%          2
p - Animate Skeleton      Necr           50%        N/A       1%          1
q - Pain                  Necr           100%       1d9       1%          1
Your spell library was empty.

Dungeon Overview and Level Annotations

Branches:
Dungeon (5/15)
 Temple: D:4-7

Altars:
Makhleb
Sif Muna

Shops:
D:2 *!*

Annotations:
D:5 Edmund


Innate Abilities, Weirdness & Mutations

You are immune to sickness and miasma.
You are immune to poison.
Your flesh is very heat resistant. (rF++)
You are vulnerable to cold. (rC-)
You float through the air rather than walking.
You learn spells naturally, not from books.
Your magical power is your life essence.
You have superior vitality. (+4 HP)


Message History

A dart slug comes into view.
Your scorpion zombie hits the adder.
The adder dies!
Makhleb accepts your kill.
Unknown command.
It was a potion of berserk rage.
A red film seems to cover your vision as you go berserk!
You feel yourself moving faster!
You feel mighty! The adder zombie bites you.
* * * LOW HITPOINT WARNING * * *
Your scorpion zombie barely misses Edmund.
Unknown command.
You closely miss Edmund. The adder zombie bites you.
* * * LOW HITPOINT WARNING * * *
Edmund hits you with a +2 flail of protection.
* * * LOW HITPOINT WARNING * * *
Unknown command.
You hit Edmund. You drain Edmund.
Edmund is lightly wounded.
Your scorpion zombie hits Edmund.
The orc wizard casts a spell.
The orc wizard flickers and vanishes!
Unknown command.
You hit Edmund but do no damage.
Edmund is moderately wounded.
Edmund hits you with a +2 flail of protection.
* * * LOW HITPOINT WARNING * * *
Your scorpion zombie hits Edmund.
Unknown command.
You hit Edmund. You drain Edmund.
Edmund is heavily wounded.
A jackal comes into view.
Edmund misses you.
You hit Edmund but do no damage.
Edmund is heavily wounded.
Your scorpion zombie barely misses Edmund.
The iguana barely misses you.
You hear some strange, mumbled words.
A magic dart appears from out of thin air!
The magic dart hits you!
You die...

.<.....#.#. ###.........
... ...
#.#.......##.###.#.###.
#.# ....#....##........
###.#.#.#.#....##..#..#..
..#.# .........##........
#.#.# #..# wh...h{...#..
#...####..####.##lZ......
##......#.....h@@{{#
#...........#Z###.#
#...........+... ...
#...........#.###.#..#
###...........# .#.##
#.............#.. .
#.............#.. .
#................ ..
#.............#


You could see Edmund (drained), an iguana, a dart slug, an adder zombie (ally
target), 3 jackals and a friendly scorpion zombie.

Vanquished Creatures
  A scorpion (D:5)
  A hound (D:5)
  An iguana (D:4)
  2 orc wizards (D:3)
  3 adders (D:5)
  A dart slug (D:2)
  4 orcs
  2 bats
  5 endoplasms
  A giant cockroach (D:3)
  5 hobgoblins
  5 jackals
  2 quokkas
  7 ball pythons
  A frilled lizard (D:2)
  5 goblins
  A kobold (D:1)
  A rat (D:1)
48 creatures vanquished.

Vanquished Creatures (collateral kills)
  An adder (D:5)
1 creature vanquished.

Grand Total: 49 creatures vanquished

Notes
Turn   | Place    | Note
-------+----------+-------------------------------------------
     0 | D:1      | Spectrina the Djinni Necromancer began the quest for the
                  | Orb.
     0 | D:1      | Reached XP level 1. HP: 15/15 MP: 0/0
   460 | D:1      | Reached XP level 2. HP: 17/21 MP: 0/0
   674 | D:3      | Reached skill level 4 in Spellcasting
   674 | D:3      | Reached XP level 3. HP: 23/25 MP: 0/0
   674 | D:3      | Learned a level 1 spell: Sting
   682 | D:3      | Reached XP level 4. HP: 13/31 MP: 0/0
   818 | D:2      | Found Ubbypt's Assorted Antiques.
   821 | D:2      | Bought a scroll labelled FURIAL MEREMNO for 21 gold pieces
   821 | D:2      | Bought 2 pink potions for 37 gold pieces
   821 | D:2      | Found a faded altar of an unknown god.
   859 | D:2      | Became a worshipper of Makhleb the Destroyer
   859 | D:2      | Reached * piety under Makhleb
   952 | D:2      | Found Ygruxe's Distillery.
  1033 | D:2      | Found Vealoef's Assorted Antiques.
  1186 | D:4      | Noticed a necrophage
  1214 | D:4      | Reached XP level 5. HP: 35/35 MP: 0/0
  1214 | D:4      | Learned a level 2 spell: Passwall
  1217 | D:4      | Reached skill level 1 in Invocations
  1260 | D:5      | Entered Level 5 of the Dungeon
  1294 | D:5      | Reached skill level 5 in Spellcasting
  1294 | D:5      | Noticed Edmund
  1306 | D:5      | Reached XP level 6. HP: 36/40 MP: 0/0
  1317 | D:5      | HP: 3/60 [Edmund (6)]
  1319 | D:5      | Killed from afar by an orc wizard

Illustrated notes

Levels and vault maps discovered:
D:1:      minmay_arrival_three_doors, layout_basic
D:2:      layout_basic, serial_shops, nicolae_shop_behind_doors,
          nicolae_shop_trees, nicolae_square_shop, basic_altar,
          basic_ecumenical_altar
D:3:      layout_loops_corners, kennysheep_generic_room_8
D:4:      layout_basic, minmay_temple_entry_trees, minmay_quantized
D:5:      layout_basic, uniq_edmund

Skill      XL: |  1  2  3  4  5  6 |
---------------+-------------------+-----
Spellcasting   | 4 5 |  5.3
Invocations    | 1 2 |  2.1
Dodging        | |  2.1
Stealth        | |  1.5

Action                   |  1- 3 |  4- 6 || total
-------------------------+-------+-------++-------
Melee: Short sword       |    15 |       ||    15
       Dagger            |       |    22 ||    22
 Fire: Hunting sling     |       |    38 ||    38
 Cast: Pain              |    28 |       ||    28
       Sting             |     2 |    15 ||    17
       Vampiric Draining |     1 |    21 ||    22
       Animate Dead      |       |     1 ||     1
  Use: Scroll            |     1 |       ||     1
       Potion            |     3 |     3 ||     6
 Stab: Sleeping          |       |     1 ||     1
Armor: Robe              |     4 |     7 ||    11
Dodge: Dodged            |     9 |    32 ||    41
